 Dungeon Crawl Stone Soup version 0.24-a0-8-gbed441b (webtiles) character file.

Game seed: 2732030954657961120

401 Blitz the Cudgeler (level 6, 0/57 HPs)
             Began as a Deep Dwarf Abyssal Knight on Jan 31, 2019.
             Killed from afar by a starcursed mass (1 damage)
             ... with an accursed screaming
             ... created by the touch of Lugonu
             ... on level 2 of the Abyss.
             The game lasted 00:15:49 (1182 turns).

Blitz the Cudgeler (Deep Dwarf Abyssal Knight)      Turns: 1182, Time: 00:15:50

Health: 0/57       AC: 13    Str: 17    XL:     6   Next: 54%
Magic:  0/0        EV:  7    Int: 13    God:
Gold:   106        SH:  0    Dex: 12    Spells: 5/5 levels left

rFire    . . .     SeeInvis .   a - +1 mace
rCold    . . .     Gourm    .   (no shield)
rNeg     . . .     Faith    .   j - +0 chain mail
rPois    .         Spirit   .   m - +0 helmet
rElec    .         Reflect  .   p - +0 cloak
rCorr    .         Harm     .   (no gloves)
MR       .....                  (no boots)
Stlth    ..........             (no amulet)
HPRegen  0.00/turn              n - +2 ring of protection
MPRegen  0.07/turn              (no ring)

@: weakened, non-regenerating
A: damage resistance, heal wounds, sense surroundings 1, no regeneration
a: Heal Wounds


You were on level 2 of the Abyss.
You were hungry.

You visited 1 branch of the dungeon, and saw 4 of its levels.
You visited the Abyss 2 times.

You collected 106 gold pieces.

Inventory:

Hand Weapons
 a - a +1 mace (weapon)
Armour
 b - a +0 leather armour
 d - a +0 scale mail
 h - a +0 chain mail
 j - a +0 chain mail (worn)
 m - a +0 helmet (worn)
 o - a +0 leather armour
 p - a +0 cloak (worn)
Jewellery
 f - a +3 ring of intelligence
 n - a +2 ring of protection (left hand)
Wands
 g - a wand of flame (14)
Scrolls
 i - a scroll of identify
 k - 2 scrolls of remove curse
Comestibles
 c - 4 rations


   Skills:
 + Level 4.0 Fighting
 * Level 5.5 Maces & Flails
 + Level 3.7 Armour
 - Level 1.1 Dodging
 + Level 0.1 Stealth
   Level 2.4 Invocations


You had 5 spell levels left.
You didn't know any spells.
Your spell library was empty.

Dungeon Overview and Level Annotations

Branches:
Dungeon (4/15)
 Temple: D:4-7

Altars:
Uskayaw


Innate Abilities, Weirdness & Mutations

You are resistant to damage.
You can heal yourself by infusing magical energy.
You passively map a small area around you.
You do not regenerate.


Message History

A killer bee and a hornet come into view.
The killer bee buzzes angrily.
The hornet buzzes angrily.
You hear an angry buzzing noise.
A hornet comes into view. x2
The killer bee moves out of view.
The hornet moves out of view.
A killer bee and a hornet come into view.
The hornet buzzes angrily. x3; You hear an angry buzzing noise.
You hear a roar!
A hornet comes into view. x2; A killer bee comes into view.
The killer bee moves out of view.
A death drake comes into view.
A hornet comes into view.
The orange demon stings you. The orange demon hits you.
You feel your attacks grow feeble.
The death drake moves out of view.
The orange demon closely misses you.
As you read the scroll of identify, it crumbles to dust.
d - a +0 scale mail The orange demon closely misses you.
The orange demon stings you but does no damage.
The starcursed mass shrieks in your mind.
You die...

....... .#
........ .#
...... . ...# ##
##### ..# ## #
....###..
.X.###### ## #
....X. ..X.. ###
.
.###.##########∩.
## # ..#$#..
#.#..@# ## . .
.......X##.#..##
#### .. . ##.
....##.X4# .. . .
... ##.###4.# # #
. . #.#.#
#...y### . . .. #
####y. . . . ##≈#
.# ## . #4# .##
#.# .. #y. #. ##.


You could see a starcursed mass, 2 orange demons, a hornet and a killer bee.

Vanquished Creatures
  A chaos spawn (Abyss:2)
  2 small abominations
  2 orc priests (D:4)
  An orc wizard (D:4)
  2 hound skeletons (D:4)
  3 adders (D:3)
  A gnoll (D:1)
  A worm (D:3)
  A dart slug (D:1)
  A leopard gecko (D:4)
  8 orcs
  A ball python (D:2)
  5 bats
  3 giant cockroaches
  6 goblins
  7 hobgoblins
  2 jackals (D:4)
  3 quokkas
  2 frilled lizards (D:1)
  2 kobolds
  A quokka skeleton (D:4)
  5 rats
60 creatures vanquished.

Notes
Turn   | Place    | Note
-------+----------+-------------------------------------------
     0 | Abyss:1  | Blitz the Deep Dwarf Abyssal Knight began the quest for the
                  | Orb.
     0 | Abyss:1  | Reached XP level 1. HP: 20/20 MP: 2/2
     2 | D:1      | Escaped the Abyss
     3 | D:1      | Fell from the grace of Lugonu
    77 | D:1      | Reached XP level 2. HP: 11/28 MP: 3/3
   133 | D:1      | Noticed an ancient zyme
   335 | D:3      | Reached XP level 3. HP: 34/34 MP: 2/2
   426 | D:3      | Reached skill level 3 in Maces & Flails
   496 | D:3      | Reached XP level 4. HP: 26/42 MP: 3/3
   603 | D:2      | HP: 1/42 [small abomination[the touch of Lugonu] (21)]
   675 | D:2      | Found a hide-covered altar of Uskayaw.
   831 | D:4      | Reached skill level 4 in Maces & Flails
   847 | D:4      | Reached XP level 5. HP: 31/49 MP: 2/2
  1069 | D:4      | Noticed a starcursed mass
  1069 | D:4      | Cast into level 2 of the Abyss (Lugonu's touch)
  1129 | Abyss:2  | Reached skill level 5 in Maces & Flails
  1129 | Abyss:2  | Reached XP level 6. HP: 35/57 MP: 2/2
  1133 | Abyss:2  | Noticed a chaos spawn
  1146 | Abyss:2  | Noticed a starcursed mass
  1156 | Abyss:2  | Killed a chaos spawn
  1160 | Abyss:2  | HP: 1/57 [starcursed mass/accursed screaming[the touch of
                  | Lugonu] (7)]
  1163 | Abyss:2  | Noticed a large abomination
  1171 | Abyss:2  | Noticed an orange demon
  1172 | Abyss:2  | Noticed an orange demon
  1172 | Abyss:2  | HP: 1/57 [starcursed mass/accursed screaming[the touch of
                  | Lugonu] (2)]
  1173 | Abyss:2  | Noticed a hornet
  1173 | Abyss:2  | Noticed a hornet
  1173 | Abyss:2  | Noticed a hornet
  1174 | Abyss:2  | Noticed a hornet
  1174 | Abyss:2  | Noticed a hornet
  1174 | Abyss:2  | Noticed a hornet
  1175 | Abyss:2  | Noticed a death drake
  1175 | Abyss:2  | Noticed a hornet
  1182 | Abyss:2  | Killed from afar by a starcursed mass

Vault maps used:
D:1:      nzn_arrival_depleted_hourglass, nrook_uturn
D:2:      eat_drink_and_be_merry_uskayaw, first_ration
D:3:      marbit_many_paths, uniq_grinder
D:4:      old_standard_altar, bloody_makhleb, nicolae_overflow_crystal_walls,
          kennysheep_little_box, lemuel_doored_altar, serial_rivers,
          chequers_serial_rivers_small_3, chequers_serial_rivers_small_b,
          chequers_serial_rivers_micro_d, chequers_serial_rivers_small_3,
          chequers_serial_rivers_micro_b, minmay_misc_feat_rows
Abyss:2:  abyss_furniture_001, hangedman_decor_riveting, hangedman_abyss_sting

Skill      XL: |  1  2  3  4  5  6 |
---------------+-------------------+-----
Fighting       | 3 4 |  4.0
Maces & Flails | 3 4 5 |  5.5
Armour         | 3 |  3.7
Dodging        | |  1.1
Stealth        | |  0.1
Invocations    | |  2.4

Action                   |  1- 3 |  4- 6 || total
-------------------------+-------+-------++-------
Melee: Mace              |    96 |   148 ||   244
Invok: Depart the Abyss  |     1 |       ||     1
       Renounce Religion |     1 |       ||     1
 Abil: Heal Wounds       |     5 |    22 ||    27
  Use: Scroll            |     2 |     4 ||     6
       Potion            |       |     2 ||     2
  Eat: Chunk             |       |     1 ||     1
Armor: Leather armour    |    47 |    53 ||   100
       Chain mail        |       |    21 ||    21
Dodge: Dodged            |   121 |   190 ||   311

Table legend:
 A = Non-vault XP
 B = Vault XP
 C = Vault XP percentage of total XP
 D = Non-vault monster count
 E = Vault monster count
 F = Vault count percentage of total count
                 A         B        C        D         E       F
            +---------+---------+-------+---------+---------+-------
      Total |     573 |       0 |   0.0 |      59 |       0 |   0.0
            +---------+---------+-------+---------+---------+-------
        D:1 |      28 |       0 |   0.0 |      10 |       0 |   0.0
        D:2 |      16 |       0 |   0.0 |       9 |       0 |   0.0
        D:3 |      83 |       0 |   0.0 |      23 |       0 |   0.0
        D:4 |     187 |       0 |   0.0 |      15 |       0 |   0.0
    Abyss:2 |     259 |       0 |   0.0 |       2 |       0 |   0.0
            +---------+---------+-------+---------+---------+-------
